 Dungeon Crawl Stone Soup version 0.16-a0-3159-g1b9e691 (webtiles) character file.

357 Johnny the Bolt Thrower (level 6, 0/44 HPs)
             Began as a Human Hunter on Dec 15, 2014.
             Slain by an orc wizard
             ... wielding a +0 dagger
              (3 damage)
             ... on level 4 of the Dungeon.
             The game lasted 00:05:31 (3801 turns).

Johnny the Bolt Thrower (Human Hunter)              Turns: 3801, Time: 00:05:31

Health: 0/44       AC: 10    Str: 16    XL:     6   Next: 96%
Magic:  6/6        EV: 13    Int: 11    God:
Gold:   228        SH:  0    Dex: 14    Spells: 0 memorised, 5 levels left

rFire  . . .     SeeInvis .     b - +1 hand crossbow
rCold  . . .     Clarity  .     d - +0 leather armour
rNeg   . . .     SustAb   .     (no shield)
rPois  .         Gourm    .     (helmet restricted)
rElec  .         Spirit   .     (no cloak)
rCorr  .         Warding  .     (no gloves)
rMut   .         Stasis   .     k - +2 pair of boots
MR     .....                    (no amulet)
Stlth  +.........               (no ring)
                                u - +3 ring of strength (curse)

@: invisible, not resistant to hostile enchantments, very unstealthy
A: antennae 1, rough black scales 1, spit poison 1
a: Spit Poison


You were on level 4 of the Dungeon.
You were hungry.

You visited 1 branch of the dungeon, and saw 4 of its levels.

You collected 228 gold pieces.

Inventory:

Hand weapons
 b - a +1 hand crossbow (weapon)
 n - a +3 mace of protection
 p - a +1 falchion of holy wrath
Missiles
 c - 12 bolts (quivered)
Armour
 d - a +0 leather armour (worn)
 k - a +2 pair of boots (worn)
Jewellery
 u - a cursed +3 ring of strength (left hand)
Magical devices
 m - a wand of polymorph (0)
 t - a wand of draining (3)
Scrolls
 e - 3 scrolls of remove curse {unknown}
 g - a scroll of magic mapping {unknown}
 h - a scroll of identify {unknown}
 j - 2 scrolls of fog
 l - 2 scrolls of noise {unknown}
 q - a scroll of blinking {unknown}
 w - a scroll of fear {unknown}
Potions
 s - a potion of haste {unknown}
 v - a potion of poison {unknown}
Comestibles
 f - 3 bread rations
 i - a beef jerky


   Skills:
 + Level 2.2 Fighting
 + Level 7.2 Crossbows
 + Level 1.0 Armour
 * Level 3.0 Dodging
 - Level 1.0 Stealth


You had 5 spell levels left.
You didn't know any spells.

Dungeon Overview and Level Annotations

Branches:
Dungeon (4/15)
 Temple: D:4-7

Altars:
Ru
The Shining One

Annotations:
D:3 Natasha


Innate Abilities, Weirdness & Mutations

You have a pair of small antennae on your head.
You are partially covered in rough black scales (AC +4, Dex -1).
You can spit poison.


Message History

Something hits you but does no damage. Something hits you but does no damage.
Something hits you.
You hear some strange, mumbled words.
The puff of flame misses you.
You hear some strange, mumbled words.
A puff of flame appears from out of thin air!
The puff of flame hits you! The puff of flame hits you!
* * * LOW HITPOINT WARNING * * *
Firing (i - inventory):
c - 12 bolts (quivered)
Press: ? - help, Shift-Dir - straight line, f/p - orc priest
Aim: an orc priest, wielding a trident (heavily wounded)
Okay, then.
Drink which item? (? for menu, Esc to quit)
It was a potion of invisibility.
You fade into invisibility!
The orc priest looks braver.
Something hits you.
You die...

(.(.......### ###...###.
#((.##........#####.........
### #....# #..............#
##8## ##...#
#########...##.# #...##
##...# #...##.<#
..#._###..#.### ##)####.##
#...###.......# #..# #.#
##8##
##...##o##########.#####.##
####
###.....{@....##..#.......
..# #########.....).........
#.# ##..#####........ #.#
###.....####....... #.###
##...###....#....... ....#
#..########.(....... ....#
#..####.## ##..###### ....#
#..# #...# ##.##.(## ....#
#.# #...#####.##..##


You could see an orc priest.

Vanquished Creatures
  A big kobold (D:3)
  A crimson imp (D:4)
  An iguana (D:4)
  An orc wizard (D:4)
  A hound skeleton (D:4)
  6 adders
  4 gnolls (D:3)
  A worm (D:3)
  An adder skeleton (D:4)
  2 oozes
  7 orcs
  A ball python (D:1)
  10 bats
  A giant cockroach (D:4)
  8 hobgoblins
  5 jackals
  3 giant geckos
  A giant gecko skeleton (D:4)
  3 giant newts
  7 goblins
  6 kobolds
  5 quokkas
  A quokka skeleton (D:3)
  9 rats
86 creatures vanquished.

Notes
Turn   | Place    | Note
--------------------------------------------------------------
     0 | D:1      | Johnny, the Human Hunter, began the quest for the Orb.
     0 | D:1      | Reached XP level 1. HP: 16/16 MP: 1/1
   128 | D:1      | Reached XP level 2. HP: 22/22 MP: 2/2
   607 | D:2      | Reached skill level 5 in Crossbows
   607 | D:2      | Reached XP level 3. HP: 27/27 MP: 3/3
   889 | D:2      | Reached XP level 4. HP: 33/33 MP: 4/4
  1304 | D:3      | Gained mutation: You have a pair of small antennae on your head. [potion of mutation]
  1304 | D:3      | Gained mutation: You are partially covered in rough black scales (AC +4, Dex -1). [potion of mutation]
  1304 | D:3      | Gained mutation: You can spit poison. [potion of mutation]
  1314 | D:3      | Reached skill level 6 in Crossbows
  1314 | D:3      | Reached XP level 5. HP: 13/38 MP: 5/5
  1609 | D:3      | Noticed Natasha
  1955 | D:3      | Noticed Terence
  2262 | D:3      | Noticed Terence
  2262 | D:3      | Terence changed into Terence the big kobold
  2302 | D:3      | Killed Terence the big kobold
  2302 | D:3      | Reached XP level 6. HP: 10/44 MP: 6/6
  2671 | D:3      | Reached skill level 7 in Crossbows
  3236 | D:4      | Found a glowing golden altar of the Shining One.
  3247 | D:4      | Found a sacrificial altar of Ru.
  3466 | D:4      | Reached skill level 1 in Armour
  3801 | D:4      | Slain by an orc wizard

Action                   |  1- 3 |  4- 6 || total
-------------------------+-------+-------++-------
Melee: Short sword       |       |    10 ||    10
       Spear             |       |   122 ||   122
       Mace              |       |   127 ||   127
 Fire: Hand crossbow     |    65 |    54 ||   119
 Abil: Spit Poison       |       |     7 ||     7
Evoke: Wand              |       |     5 ||     5
  Use: Potion            |       |     4 ||     4
       Scroll            |       |     5 ||     5
 Stab: Sleeping          |       |     2 ||     2
  Eat: Chunk             |       |     4 ||     4
       Meat ration       |       |     1 ||     1
